 Dungeon Crawl Stone Soup version 0.31-a0-455-g1a7b003ef0 (webtiles) character file.

Game seed: 13970480758950882137

217606 Flugkiller the Convoker (level 18, -1/116 HPs)
             Began as a Deep Elf Shapeshifter on Aug 3, 2023.
             Was an Initiate of Gozag.
             Killed from afar by a nagaraja (36 damage)
             ... with a bolt of poison
             ... on level 3 of the Snake Pit.
             The game lasted 01:27:03 (40629 turns).

Flugkiller the Convoker (Deep Elf Shapeshifter)    Turns: 40629, Time: 01:27:04

Health: -1/116     AC:  6    Str: 12    XL:     18   Next: 77%
Magic:  0/35       EV: 30    Int: 18    God:    Gozag
Gold:   6941       SH:  0    Dex: 19    Spells: 23/39 levels left

rFire   . . .        a - +2 rapier (speed)
rCold   + + +        (no shield)
rNeg    . . .        M - +4 skin of Zhor {*Englaciate rC+++ SInv}
rPois   .            (helmet currently unavailable)
rElec   .            (cloak currently unavailable)
rCorr   .            (gloves currently unavailable)
SInv    +            (boots currently unavailable)
Will    +....        y - amulet of guardian spirit
Stlth   +++++        v - +5 ring of evasion
HPRegen 0.39/turn    j - +4 ring of slaying
MPRegen 0.24/turn

%: guardian spirit
@: mighty, brilliant, lethally poisoned (-1 -> -41), beast-form, gold aura,
studying Short Blades
A: beast (slay +7)
a: Begin Untransformation, Renounce Religion, Potion Petition, Call Merchant,
Bribe Branch


You were on level 3 of the Snake Pit.
You worshipped Gozag.
Gozag was greatly pleased with you.
You were a hulking beast.
You visited 6 branches of the dungeon, and saw 29 of its levels.
You also visited: Bailey, Ice Cave and Volcano.

You collected 12004 gold pieces.
You spent 450 gold pieces at shops.
You paid 4613 gold pieces to Gozag.

Inventory:

Hand Weapons
 a - a +2 rapier of speed (weapon)
   (You took it off a deep elf zephyrmancer on level 3 of the Elven Halls)
 l - a +0 quick blade of freezing
   (You acquired it on level 8 of the Dungeon)
 R - the +4 scimitar of Turmoil {venom, Int+9}
   (You found it on level 3 of the Elven Halls)

   Int:       It affects your intelligence (+9).
 Y - the +6 dagger "Wowu" {venom, Will+ Int+6}
   (You found it on level 3 of the Dungeon)

   Int:       It affects your intelligence (+6).
   Will:      It increases your willpower.
Missiles
 m - 2 throwing nets
 G - a curare-tipped dart
Armour
 B - the +4 leather armour "Machev" {Str+3 Dex+5}
   (You found it on level 8 of the Dungeon)

   Str:       It affects your strength (+3).
   Dex:       It affects your dexterity (+5).
 M - the +4 skin of Zhor (worn) {*Englaciate rC+++ SInv}
   (You found it in an ice cave)

   *Englaciate: It radiates cold, occasionally slowing all nearby creatures who
   are not resistant to cold.
   rC:        It renders you almost immune to cold.
   SInv:      It lets you see invisible.
Jewellery
 g - the ring "Zocadawk" {Wiz rF+ Will+ Dex+2}
   (You found it on level 2 of the Dungeon)

   [ring of wizardry]

   It improves your spell success rate.
   Dex:       It affects your dexterity (+2).
   rF:        It protects you from fire.
   Will:      It increases your willpower.
 j - a +4 ring of slaying (right hand)
   (You took it off a deep elf death mage on level 3 of the Elven Halls)
 p - a +4 ring of protection
   (You found it on level 10 of the Dungeon)
 v - a +5 ring of evasion (left hand)
   (You found it on level 1 of the Dungeon)
 y - an amulet of guardian spirit (around neck)
   (You found it on level 7 of the Dungeon)
Wands
 b - a wand of iceblast (28)
   (You found it on level 3 of the Dungeon)
 A - a wand of quicksilver (18)
   (You found it on level 7 of the Dungeon)
 N - a wand of paralysis (1)
   (You found it in an ice cave)
 V - a wand of mindburst (7)
   (You found it on level 14 of the Dungeon)
 W - a wand of digging (15)
   (You found it on level 13 of the Dungeon)
Scrolls
 e - 4 scrolls of poison
 k - 6 scrolls of vulnerability
 t - 8 scrolls of teleportation
 u - 2 scrolls of immolation
 x - 2 scrolls of enchant weapon
 z - 6 scrolls of blinking
 E - 6 scrolls of enchant armour
 L - 3 scrolls of fear
 P - a scroll of torment
 Q - a scroll of fog
 T - 4 scrolls of revelation
 X - a scroll of silence
Potions
 d - 10 potions of might
 h - 2 potions of haste
 i - a potion of berserk rage
 n - 2 potions of resistance
 o - 3 potions of invisibility
 q - 13 potions of curing
 s - 6 potions of magic
 w - a potion of heal wounds
 C - a potion of ambrosia
 D - 4 potions of cancellation
 H - 8 potions of enlightenment
 K - 5 potions of attraction
 O - 3 potions of brilliance
 U - 2 potions of mutation


   Skills:
 - Level 14.0 Fighting
 - Level 14.0 Short Blades
 - Level 18.0 Dodging
 - Level 12.0 Stealth
 - Level 4.3 Shields
 - Level 2.9 Unarmed Combat
 + Level 11.1 Spellcasting
 + Level 19.1 Summonings
 - Level 4.0 Air Magic
 - Level 8.0 Evocations
 - Level 10.2 Shapeshifting


You had 23 spell levels left.
You knew the following spells:

 Your Spells              Type           Power      Damage    Failure   Level
a - Mephitic Cloud        Conj/Pois/Air  22%        N/A       12%         3
b - Summon Cactus Giant   Summ           43%        N/A       1%          6
c - Summon Lightning Spi  Summ/Air       67%        N/A       1%          4
w - Swiftness             Air            36%        N/A       4%          3

Your spell library contained the following spells:

 Spells                   Type           Power      Damage    Failure   Level
 Call Canine Familiar     Summ           87%        N/A       0%          3
 Animate Armour           Summ/Erth      100%       N/A       1%          4
 Shock                    Conj/Air       100%       1d9       3%          1
 Poisonous Vapours        Pois/Air       50%        N/A       4%          2
 Apportation              Tloc           30%        N/A       7%          1
 Freeze                   Ice            60%        1d7       7%          1
 Kiss of Death            Conj/Necr      60%        2d10      7%          1
 Magic Dart               Conj           60%        1d6       7%          1
 Slow                     Hex            60%        N/A       7%          1
 Sting                    Tmut/Pois      60%        1d6       7%          1
 Ensorcelled Hibernation  Hex/Ice        30%        N/A       11%         2
 Momentum Strike          Conj/Tloc      30%        3d8       11%         2
 Passwall                 Tmut/Erth      12%        N/A       11%         2
 Scorch                   Fire           30%        2d6       11%         2
 Sublimation of Blood     Necr           15%        N/A       11%         2
 Airstrike                Air            18%        2d(3-19)  14%         4
 Confusing Touch          Hex            15%        N/A       22%         3
 Frozen Ramparts          Ice            30%        1d5       22%         3
 Hailstorm                Conj/Ice       15%        3d5       22%         3
 Inner Flame              Hex/Fire       15%        N/A       22%         3
 Portal Projectile        Hex/Tloc       30%        N/A       22%         3
 Vampiric Draining        Necr           15%        2d7       22%         3
 Dispel Undead            Necr           15%        3d10      56%         4
 Flame Wave               Conj/Fire      15%        2d7       56%         4
 Leda's Liquefaction      Hex/Erth       7%         N/A       56%         4
 Olgreb's Toxic Radiance  Pois           15%        N/A       56%         4
 Petrify                  Tmut/Erth      15%        N/A       56%         4
 Sticky Flame             Conj/Fire      15%        2d4       56%         4
 Arcjolt                  Conj/Air       12%        1d22      65%         5
 Alistair's Intoxication  Tmut/Pois      10%        N/A       89%         5
 Irradiate                Conj/Tmut      7%         3d14      89%         5
 Lee's Rapid Deconstruct  Erth           7%         3d7*      89%         5
 Ozocubu's Refrigeration  Ice            7%         4d9       100%        7
 Lehudib's Crystal Spear  Conj/Erth      7%         10d3      100%        8
 Polar Vortex             Ice            7%         12d1*     100%        9
 Shatter                  Erth           7%         3d10*     100%        9
 Simulacrum               Ice/Necr       Unusable   N/A       N/A         6

Dungeon Overview and Level Annotations

Branches:
Dungeon (15/15) Zot: 25354  Temple (1/1) D:5 Zot: 5998    Lair (5/5) D:8 Zot: 23648
 Shoals (0/4) Lair:2        Snake (3/4) Lair:3 Zot: 14118   Slime (0/5) Lair:5
    Orc (2/2) D:12 Zot: 8465     Elf (3/3) Orc:2 Zot: 11006  Vaults (0/5) D:13
 Depths (0/4) D:15         Bailey (visited)           IceCv (visited)
Volcano (visited)

Altars:
Ashenzari
Cheibriados
Dithmenos
Elyvilon
Fedhas
Gozag
Hepliaklqana
Kikubaaqudgha
Makhleb
Nemelex Xobeh
Okawaru
Qazlal
Ru
Sif Muna
Trog
Uskayaw
Vehumet
Wu Jian
Xom
Yredelemnul
Zin
The Shining One
Jiyva

Shops:
D:10 *   D:15 =   Orc:2 =([=?=(?*   Elf:1 [   Elf:3 :

Annotations:
D:4 exclusion: statue
D:11 1 runed translucent door, Qekijigo's ghost, journeyman MfIE
D:14 3 runed translucent doors, GrimJard's ghost, journeyman MiFi
Lair:2 exclusion: oklob plant
Lair:4 exclusion: oklob plant
Elf:1 2 transporters
Elf:2 5 runed translucent doors


Message History

You now have 7195 gold pieces (gained 19).
Things that are here:
a +0 scimitar; a +0 robe You now have 7214 gold pieces (gained 19).
Your cactus giant disappears in a puff of smoke!
Found a stone staircase leading down.
Found 8 gold pieces.
Found a morningstar.
A nagaraja comes into view. It is wielding a +0 halberd.
Casting: Summon Cactus Giant (mildly dangerous; 1% risk of failure)
Confirm with . or Enter, or press ? or * to list all spells.
The nagaraja shouts!
Your cactus giant barely misses the nagaraja.
A naga and a black mamba come into view.
A salamander comes into view. It is wielding a +3 halberd.
The nagaraja spits poison at you. The splash of poison hits you.
You are poisoned.
You feel very sick. The nagaraja completely misses you. The nagaraja grabs you.
The nagaraja constricts you.
You hit the nagaraja.
The nagaraja is lightly wounded.
You feel sick.
You escape the nagaraja's grasp.
You feel sick.
Your cactus giant hits the nagaraja with a +0 giant spiked club!!
The nagaraja hits you from afar with a +0 halberd!! [a] - 273 gold - heal wounds, might and brilliance [b] - 392 gold - haste and brilliance [c] - 464 gold - heal wounds, curing and magic Purchase which effect?
You feel much better.
You feel very mighty all of a sudden.
You feel clever all of a sudden.
You feel sick. The nagaraja misses you.
You feel sick.
The black mamba completely misses you. x2
A splash of poison appears from out of your range of vision.
The splash of poison hits your cactus giant but does no damage.
Casting: Summon Cactus Giant (mildly dangerous; 1% risk of failure)
Confirm with . or Enter, or press ? or * to list all spells.
You feel a surge of power!
An electric hum fills the air.
You feel sick. The black mamba closely misses you.
A naga comes into view. It is wielding a +0 halberd.
The black mamba completely misses you.
Your cactus giant closely misses the nagaraja.
Unknown command.
The black mamba attacks as you move away!
The black mamba misses you.
You radiate an aura of cold.
The salamander resists.
Your lightning spire is unaffected.
The naga seems to slow down.
The black mamba seems to slow down.
The nagaraja resists.
Your cactus giant resists.
You feel sick. The nagaraja spits poison at you. The splash of poison hits you!
You are more poisoned.
Your lightning spire shoots out a bolt of lightning at the black mamba!
The bolt of electricity hits the black mamba!
You feel very sick.
The black mamba is no longer moving slowly.
The nagaraja gestures wildly while chanting.
The nagaraja seems to speed up.
You impale the black mamba!!
The black mamba is almost dead.
The black mamba completely misses you. The salamander completely misses you.
You closely miss the black mamba.
The black mamba is almost dead.
You radiate an aura of cold.
Your lightning spire is unaffected.
The salamander seems to slow down.
The naga seems to slow down.
The black mamba seems to slow down.
The naga seems to slow down.
The nagaraja seems to slow down.
Your cactus giant resists.
You feel sick.
Your cactus giant hits the nagaraja with a +0 giant spiked club.
You puncture the black mamba!
You kill the black mamba!
You feel sick.
You feel sick.
The nagaraja is no longer moving slowly.
The nagaraja closely misses you.
The salamander hits you with a +3 halberd!
You are engulfed in flames!
Your lightning spire shoots out a bolt of lightning at the salamander!
The bolt of electricity hits the salamander!!
The bolt of electricity hits the naga!
You are too injured to fight recklessly!
You feel sick. The nagaraja casts a spell at you. The poison arrow hits you!!
You are more poisoned.
The salamander barely misses you.
You feel very sick.
The nagaraja points at you and mumbles some strange words.
The bolt of poison hits your lightning spire.
Your lightning spire completely resists.
The bolt of poison hits you!!!
You are lethally poisoned!
You die...
Your body crumbles into a pile of gold.

##....# ##...#
##....#
#.....#
#.....#
##..>.#
##....######
##...........
##...h^.......
#....8N..N....
#...$.N.......
###..N........
##..C.......
#..........
#$.........
#..)........
#...........


You could see a nagaraja (fast, ally target), a salamander (slow), 2 nagas, a
friendly cactus giant (summoned) and a friendly lightning spire (summoned).

Vanquished Creatures
  2 deep elf master archers (Elf:3)
  A deep elf blademaster (Elf:3)
  A deep elf sorcerer (Elf:3)
  2 deep elf elementalists
  An orc warlord (Bailey)
  4 deep elf demonologists
  A deep elf annihilator (Elf:3)
  2 deep elf death magi
  An ettin (Orc:1)
  Snorg (D:12)
  A fire dragon (D:15)
  2 deep elf high priests (Elf:3)
  An ice dragon (D:15)
  Erolcha (D:10)
  A vault guard (D:13)
  4 hydras
  6 centaur warriors
  A naga warrior (Snake:1)
  3 anacondas
  3 boulder beetles
  8 dancing weapons
  2 two-headed ogres
  3 shock serpents
  3 naga sharpshooters
  6 orc high priests
  Nergalle (D:10)
  12 deep elf knights
  A skeletal warrior (D:12)
  A salamander mystic (Volcano)
  2 phantasmal warriors (D:13)
  Lodul (D:10)
  A bog body (IceCv)
  4 deep elf archers
  A wizard (D:10)
  An obsidian statue (IceCv)
  3 naga ritualists (Snake:1)
  8 orc knights
  A spriggan simulacrum (IceCv)
  20 deep elf pyromancers
  16 deep elf zephyrmancers
  4 mana vipers (Snake:1)
  11 ugly things
  8 cyclopes
  9 salamanders
  12 elephants
  4 manticores
  3 torpor snails
  Maurice (D:13)
  A gargoyle (D:11)
  20 black mambas
  3 naga magi
  14 cane toads
  A yaktaur (D:15)
  3 ice devils (IceCv)
  Psyche (D:12)
  An unseen horror (D:12)
  A rime drake (Lair:4)
  A freezing wraith (D:15)
  2 kobold demonologists (D:12)
  An efreet (D:15)
  3 komodo dragons
  2 trolls
  A wind drake (Lair:2)
  A meliai (shapeshifter) (D:14)
  3 meliai (D:14)
  3 polar bears
  A queen bee (shapeshifter) (D:14)
  6 hornets
  2 meliai zombies (D:14)
  6 dream sheep
  13 blink frogs
  7 slime creatures
  2 air elementals
  15 spriggans
  12 wyverns
  A wraith (D:10)
  3 shadows
  A fire elemental (Elf:1)
  2 vampires
  45 yaks
  6 basilisks
  8 vampire mosquitoes
  A steam dragon (D:8)
  A harpy simulacrum (IceCv)
  5 wargs (Orc:2)
  2 acid dragons
  10 nagas
  2 nameless horrors
  11 water moccasins
  26 orc warriors
  A sky beast (D:7)
  11 black bears
  11 ogres
  2 ice beasts
  3 boggarts (Lair:5)
  55 wolves
  5 centaurs
  5 kobold brigands
  10 bullfrogs
  A gnoll sergeant (D:11)
  2 scorpions
  An earth elemental (Elf:3)
  13 killer bees
  An electric eel (Lair:2)
  3 howler monkeys
  2 crimson imps (D:10)
  37 orc priests
  3 hounds
  7 jellies
  4 iguanas
  2 sleepcaps
  11 hell rats (Lair:5)
  14 orc wizards
  5 adders
  24 gnolls
  A shadow imp (D:6)
  3 white imps
  2 worms
  2 dart slugs (D:4)
  86 orcs
  11 ball pythons
  4 bats
  3 endoplasms
  3 giant cockroaches
  20 goblins
  11 hobgoblins
  3 quokkas
  A frilled lizard (D:4)
  16 kobolds
  9 rats
844 creatures vanquished.

Vanquished Creatures (collateral kills)
  Norris (Elf:1)
  Rupert (D:12)
  A deep elf blademaster (Elf:3)
  Frances (Elf:1)
  A nagaraja (Snake:2)
  2 deep elf sorcerers (Elf:3)
  A deep elf elementalist (Elf:3)
  A very ugly thing (Snake:2)
  3 deep elf demonologists (Elf:3)
  7 deep elf annihilators
  4 deep elf death magi (Elf:3)
  2 blizzard demons (IceCv)
  2 deep elf high priests (Elf:3)
  A two-headed ogre (D:14)
  A boulder beetle (D:15)
  13 dancing weapons
  3 anacondas
  A centaur warrior (D:15)
  A death knight (D:13)
  A naga warrior (Snake:2)
  A tengu warrior (D:15)
  An orc high priest (Orc:2)
  8 deep elf knights
  2 skeletal warriors (D:12)
  A spriggan druid (Elf:1)
  A wizard (D:10)
  7 spriggan simulacra (IceCv)
  A naga ritualist (Snake:2)
  2 orc knights
  5 deep elf pyromancers
  14 ugly things
  8 deep elf zephyrmancers
  A mana viper (Snake:1)
  A salamander (Snake:2)
  A guardian serpent (Snake:2)
  6 black mambas
  3 naga magi
  An anaconda simulacrum (IceCv)
  3 freezing wraiths
  A tengu conjurer (D:15)
  8 ice devils (IceCv)
  A troll (Orc:1)
  A polar bear (Elf:1)
  A slime creature (D:13)
  A water elemental (Elf:3)
  A fire elemental (Elf:3)
  A dire elephant simulacrum (IceCv)
  A redback simulacrum (D:15)
  5 minotaur simulacra (IceCv)
  4 nagas
  5 orc warriors
  An alligator simulacrum (IceCv)
  A meliai simulacrum (D:14)
  2 ettin simulacra (IceCv)
  A wolf (Elf:1)
  8 deep troll simulacra (IceCv)
  4 lindwurm simulacra (IceCv)
  5 orc priests
  14 orcs
181 creatures vanquished.

Vanquished Creatures (others)
  A deep elf knight (Elf:3)
  A centaur (D:15)
2 creatures vanquished.

Grand Total: 1027 creatures vanquished

Notes
Turn   | Place    | Note
-------+----------+-------------------------------------------
     0 | D:1      | Flugkiller the Deep Elf Shapeshifter began the quest for
                  | the Orb.
     0 | D:1      | Reached XP level 1. HP: 11/11 MP: 3/3
    96 | D:1      | Reached skill level 1 in Fighting
   139 | D:1      | Reached XP level 2. HP: 9/16 MP: 4/4
   752 | D:2      | Found a sparkling altar of Nemelex Xobeh.
   810 | D:2      | Found a faded altar of an unknown god.
   882 | D:2      | Identified the ring "Zocadawk" {Wiz rF+ Will+ Dex+2}
  1074 | D:2      | Reached XP level 3. HP: 7/20 MP: 5/5
  1614 | D:3      | Identified the +6 dagger "Wowu" {venom, Will+ Int+6}
  1628 | D:3      | Found a sparkling altar of Nemelex Xobeh.
  2171 | D:4      | Reached XP level 4. HP: 26/26 MP: 6/6
  2190 | D:4      | Found a radiant altar of Vehumet.
  2224 | D:4      | Reached skill level 1 in Short Blades
  2257 | D:4      | Reached XP level 5. HP: 23/31 MP: 7/7
  2770 | D:4      | Reached XP level 6. HP: 36/36 MP: 8/8
  3130 | D:5      | Entered Level 5 of the Dungeon
  3167 | D:5      | Noticed an ice beast
  3343 | D:5      | Found a broken altar of Ashenzari.
  3369 | D:5      | Reached skill level 5 in Shapeshifting
  3414 | D:5      | Reached XP level 7. HP: 37/41 MP: 9/9
  3561 | D:5      | Reached skill level 1 in Spellcasting
  3561 | D:5      | Reached skill level 1 in Air Magic
  3587 | D:5      | Found a staircase to the Ecumenical Temple.
  3596 | Temple   | Entered the Ecumenical Temple
  3624 | D:5      | Found an opulent altar of Gozag.
  3632 | D:5      | Became a worshipper of Gozag Ym Sagoz the Greedy
  4219 | D:6      | Learned a level 3 spell: Swiftness
  4322 | D:6      | Reached skill level 1 in Evocations
  4392 | D:6      | Reached XP level 8. HP: 43/48 MP: 13/13
  4496 | D:6      | Found a shimmering blue altar of Sif Muna.
  4995 | D:7      | Reached skill level 5 in Dodging
  5290 | D:7      | Found an ancient bone altar of Kikubaaqudgha.
  5425 | D:7      | Found an iron altar of Okawaru.
  5578 | D:7      | Reached skill level 5 in Fighting
  5841 | D:8      | Identified the +4 leather armour "Machev" {Str+3 Dex+5}
  5927 | D:8      | Reached XP level 9. HP: 39/54 MP: 9/14
  6005 | D:8      | Found a flagged portal.
  6015 | D:8      | Reached skill level 5 in Evocations
  6054 | Bailey   | Entered a bailey
  6377 | Bailey   | Noticed an orc knight
  6419 | Bailey   | Killed an orc knight
  6420 | Bailey   | Reached skill level 5 in Short Blades
  6688 | Bailey   | Noticed an orc warlord
  6688 | Bailey   | Noticed an orc knight
  6750 | Bailey   | Identified the +8 flail "Omayn" {holy, rElec Str+4}
  6756 | Bailey   | Killed an orc warlord
  6757 | Bailey   | Reached XP level 10. HP: 54/60 MP: 12/15
  6938 | Bailey   | Killed an orc knight
  7073 | Bailey   | Reached skill level 10 in Shapeshifting
  7073 | Bailey   | Reached XP level 11. HP: 64/64 MP: 16/16
  7380 | D:8      | Found an ornate altar of the Wu Jian Council.
  7444 | D:8      | Found a staircase to the Lair.
  7680 | D:8      | Identified 3 scrolls of acquirement
  7680 | D:8      | Acquired a +0 quick blade of freezing
  7699 | D:9      | Acquired a manual of Short Blades
  8475 | D:10     | Entered Level 10 of the Dungeon
  8477 | D:10     | Noticed Nergalle
  8494 | D:10     | Killed Nergalle
  8621 | D:10     | Found Heoclyxe's General Store.
  8634 | D:10     | Reached skill level 10 in Dodging
  8714 | D:10     | Found a shimmering altar of Xom.
  8783 | D:10     | Noticed a wizard
  8794 | D:10     | Killed a wizard
  8827 | D:10     | Noticed Erolcha
  8837 | D:10     | Killed Erolcha
  8838 | D:10     | Reached skill level 10 in Short Blades
  9153 | D:10     | Noticed a deep elf zephyrmancer
  9155 | D:10     | Noticed a deep elf zephyrmancer
  9160 | D:10     | Noticed a green ugly thing
  9170 | D:10     | Killed a green ugly thing
  9172 | D:10     | Killed a deep elf zephyrmancer
  9173 | D:10     | Reached XP level 12. HP: 48/71 MP: 11/17
  9219 | D:10     | Got the Book of Sand
  9226 | D:10     | Got Unosogin's Volume of Plaster Cramp
  9235 | D:10     | Got Xijuthid's Papyrus of Axaxaxas mlö
  9356 | D:10     | Noticed Lodul
  9653 | D:10     | Noticed a two-headed ogre
  9662 | D:10     | Killed a two-headed ogre
  9929 | D:10     | Found a basalt altar of Yredelemnul.
 10217 | D:10     | Killed Lodul
 10350 | D:10     | Found Heoclyxe's General Store.
 10389 | D:10     | Found a basalt altar of Yredelemnul.
 11231 | D:11     | Found a runed translucent door.
 11232 | D:11     | Noticed Qekijigo's ghost (journeyman MfIE)
 11303 | D:11     | Noticed a boulder beetle
 11322 | D:11     | Killed a boulder beetle
 12009 | Lair:1   | Entered Level 1 of the Lair of Beasts
 12151 | Lair:1   | Reached skill level 10 in Fighting
 12471 | Lair:1   | Reached XP level 13. HP: 75/82 MP: 16/18
 13108 | Lair:1   | You fall into a shaft and drop 1 floor!
 13293 | Lair:2   | Found a staircase to the Shoals.
 13598 | Lair:2   | Found a blossoming altar of Fedhas.
 14825 | Lair:3   | Found a staircase to the Snake Pit.
 15730 | Lair:4   | Reached skill level 5 in Spellcasting
 15971 | Lair:4   | Reached XP level 14. HP: 74/88 MP: 27/27
 16175 | Lair:4   | Found a dark tunnel.
 16184 | Volcano  | Entered a volcano
 16217 | Volcano  | Reached skill level 1 in Stealth
 16221 | Volcano  | Found a radiant altar of Vehumet.
 16313 | Volcano  | Learned a level 3 spell: Mephitic Cloud
 16691 | Lair:4   | Found a blossoming altar of Fedhas.
 16835 | Lair:4   | Reached skill level 5 in Stealth
 17026 | Lair:5   | Entered Level 5 of the Lair of Beasts
 17038 | Lair:5   | Reached skill level 1 in Summonings
 17054 | Lair:5   | Found a viscous altar of Jiyva.
 17061 | Lair:5   | Found a staircase to the Slime Pits.
 17317 | Lair:5   | Reached skill level 2 in Summonings
 17443 | Lair:5   | Reached skill level 3 in Summonings
 17534 | Lair:5   | Reached skill level 4 in Summonings
 17820 | Lair:5   | Reached skill level 5 in Summonings
 17846 | Lair:5   | Identified the +0 scale mail "Botraum" {rF++}
 17916 | Lair:5   | Paralysed by a hornet for 2 turns
 17917 | Lair:5   | Reached skill level 6 in Summonings
 18151 | Lair:5   | Reached skill level 7 in Summonings
 18312 | Lair:5   | Identified the +7 flail of the Saviour {heavy, Will+ Dex+3}
 18735 | Lair:5   | Reached skill level 10 in Summonings
 18735 | Lair:5   | Reached XP level 15. HP: 92/92 MP: 29/29
 18743 | Lair:5   | Learned a level 6 spell: Summon Cactus Giant
 18774 | Lair:5   | Acquired a manual of Summonings
 19155 | D:12     | Reached skill level 11 in Summonings
 19309 | D:12     | Noticed Psyche
 19320 | D:12     | Killed Psyche
 19354 | D:12     | Noticed Rupert
 19381 | D:12     | Killed Rupert
 19526 | D:12     | Reached skill level 12 in Summonings
 19766 | D:12     | Found a staircase to the Orcish Mines.
 19896 | D:12     | Noticed Snorg
 19911 | D:12     | Killed Snorg
 20060 | D:12     | Reached skill level 13 in Summonings
 20771 | D:13     | Noticed Maurice
 20782 | D:13     | Reached skill level 14 in Summonings
 20893 | D:13     | Found a gate to the Vaults.
 20899 | D:13     | Killed Maurice
 21341 | D:13     | Reached skill level 15 in Summonings
 21642 | D:14     | Reached XP level 16. HP: 97/97 MP: 18/30
 21744 | D:14     | Found a runed translucent gate.
 21744 | D:14     | Found a runed translucent gate.
 21745 | D:14     | Found a runed translucent gate.
 21745 | D:14     | Found an ancient bone altar of Kikubaaqudgha.
 21746 | D:14     | Noticed GrimJard's ghost (journeyman MiFi)
 21746 | D:14     | Noticed a lich
 21746 | D:14     | Noticed a lich
 21747 | D:14     | Noticed a lich
 21749 | D:14     | Noticed a lich
 22077 | D:14     | Found a basalt altar of Yredelemnul.
 22326 | D:15     | Entered Level 15 of the Dungeon
 23019 | D:15     | Found Bilashrai's Jewellery Emporium.
 23173 | D:15     | Identified the +6 sling of Integrity {drain, Drain rPois
                  | Str+7}
 23428 | D:15     | Found a staircase to the Depths.
 23623 | Orc:1    | Entered Level 1 of the Orcish Mines
 23728 | Orc:2    | Entered Level 2 of the Orcish Mines
 23894 | Orc:2    | Found Exealy's General Store.
 23950 | Orc:2    | Found Falallaj's Jewellery Boutique.
 24063 | Orc:2    | Found Cotruago's Armour Shoppe.
 24267 | Orc:2    | Found Fasoelea's Jewellery Shoppe.
 24267 | Orc:2    | Found Udabopy's Antique Weapon Boutique.
 24621 | Orc:2    | Found a staircase to the Elven Halls.
 26031 | Orc:2    | Bought 3 scrolls of blinking for 450 gold pieces
 26243 | Snake:1  | Entered Level 1 of the Snake Pit
 26252 | Lair:3   | Reached skill level 10 in Stealth
 26327 | Lair:3   | Learned a level 4 spell: Summon Lightning Spire
 26339 | Snake:1  | Reached skill level 15 in Dodging
 26588 | Snake:1  | Got the Spellbook of Baneful Force
 28372 | Elf:1    | Entered Level 1 of the Elven Halls
 28462 | Elf:1    | Reached XP level 17. HP: 68/106 MP: 15/31
 28681 | Elf:1    | Paralysed by an air elemental for 1 turns
 28683 | Elf:1    | Paralysed by an air elemental for 1 turns
 28837 | Elf:1    | Noticed Frances
 29049 | Elf:1    | Killed Frances
 29063 | Orc:2    | Reached skill level 16 in Summonings
 29487 | Elf:1    | Reached skill level 17 in Summonings
 29912 | Elf:1    | Found a transporter.
 29915 | Elf:1    | Found Luhugi's Armour Shop.
 29967 | Elf:1    | Reached skill level 18 in Summonings
 30077 | Elf:1    | Found a transporter.
 30797 | Elf:1    | Noticed Norris
 30935 | Elf:1    | Killed Norris
 31317 | Elf:2    | Identified the +1 kite shield "Weoruad" {Drain rElec Str+3}
 31408 | Elf:2    | Found a huge runed translucent gate.
 31408 | Elf:2    | Found a huge runed translucent gate.
 31408 | Elf:2    | Found a huge runed translucent gate.
 31414 | Elf:2    | Found a huge runed translucent gate.
 31419 | Elf:2    | Found a huge runed translucent gate.
 32081 | Elf:3    | Entered Level 3 of the Elven Halls
 32176 | Elf:3    | Identified the +4 scimitar of Turmoil {venom, Int+9}
 32397 | Elf:3    | Noticed a deep elf blademaster
 32401 | Elf:3    | Identified the +5 long sword of the Hurting Soothsayer
                  | {flame, rC- rCorr SInv}
 32406 | Elf:3    | Killed a deep elf blademaster
 32701 | Elf:3    | Identified the +1 leather armour "Nabua" {rC+}
 33144 | Elf:3    | Identified the staff "Guixorch" {rPois rN++ Dex-3 Earth}
 33162 | Elf:3    | Identified the +8 falchion "Boerghis" {antimagic, *Rage
                  | rC+++ Int+6 SInv}
 34166 | Elf:3    | Noticed a deep elf master archer
 34256 | Elf:3    | Killed a deep elf master archer
 34257 | Elf:3    | Reached XP level 18. HP: 75/114 MP: 17/32
 34567 | Elf:3    | Noticed a Tzitzimitl
 35076 | Elf:3    | Identified the +2 robe of the Cobbler {Contam rN+ Regen+}
 35389 | Elf:3    | Reached skill level 1 in Shields
 35538 | Elf:3    | Identified the +1 sling of the Known World {freeze, rF+
                  | Int+3 Dex+2}
 35674 | Elf:3    | Found the +3 hat of Pondering {ponderous, Will+ MP+10
                  | Int+5}
 36181 | Elf:3    | Identified the +2 hand axe of Armageddon {venom, *Corrode
                  | rN++ Int+4}
 37102 | Snake:2  | Found a frozen archway.
 37464 | IceCv    | Entered an ice cave
 38906 | IceCv    | Reached skill level 10 in Spellcasting
 38926 | IceCv    | Found the +4 skin of Zhor {*Englaciate rC+++ SInv}
 40015 | Snake:2  | Reached skill level 19 in Summonings
 40629 | Snake:3  | Killed from afar by a nagaraja

Illustrated notes

Levels and vault maps discovered:
D:1:      dpeg_arrival_renting, layout_basic
D:2:      layout_basic, shapermc_ecumenical_altar_hornbeckon, basic_altar,
          hangedman_decor_opposing, nicolae_figureground_pulse
D:3:      layout_rooms, nemelex_altar_shiori
D:4:      layout_basic, vehumet_statue, serial_glass, glass_columns_b,
          glass_columns_b, lexackson_kobold_supper
D:5:      layout_basic, grunt_gozag_breadcrumbs, lemuel_crystal_altar,
          minmay_temple_entry_sparse_star, mrwooster_statue_mirror
D:6:      minmay_skewed_foursquare, layout_cave_pools, lemuel_doored_altar
D:7:      layout_loops_ring, okawaru_ov_weapons_minmay, kiku_gazebo_pond_becter
D:8:      layout_cave_pods, nicolae_wu_jian_wuxing_cycle, david_lair_generic,
          enter_bailey_4
D:9:      layout_basic
D:10:     layout_irregular_city, led_xom_imps, nicolae_overflow_hidden_temple,
          serial_shops, shop, hangedman_decor_diamond_cutter,
          bh_hangedman_babel_library, uniq_lodul, uniq_erolcha, uniq_nergalle
D:11:     minmay_angry_zag, layout_stronghold, ebering_ghost_reflecting_pool
D:12:     layout_long_grid, orc_0_dummy, chequers_serial_rivers_marsh,
          uniq_rupert, uniq_snorg, uniq_psyche
D:13:     layout_cross, david_vaults_5, uniq_maurice
D:14:     layout_cave_pools, minivault_23, gammafunk_ghost_crypt,
          lemuel_zombie_altar_yredelemnul
D:15:     grunt_enter_depths_hoard, layout_basic, serial_shops, shop,
          grunt_decor_cap
Temple:   hc_temple_tempest_star
Lair:1:   layout_long_grid
Lair:2:   layout_regular_city, minmay_shoals_entry_beasts, serial_bayou,
          serial_bayou_crossing, serial_bayou_shore_b, serial_bayou_pond_c,
          serial_bayou_ford_a, tgw_fedhas, grunt_megastairs_4, lemuel_fruit_tree
Lair:3:   layout_cellular_growth, minmay_snake_entry_guardpost_small,
          beast_lair_carwin_4
Lair:4:   layout_gridlike, enter_volcano_1, hangedman_tree_tricks,
          forest_entry_grove, lemuel_fruit_fields
Lair:5:   minmay_lair_end_enchanted_forest, layout_big_grid,
          nicolae_slime_entry_field_trip
Snake:1:  layout_misc_corridors, grunt_ministairs_10, nicolae_large_snake_swirl
Snake:2:  layout_grid_maze, portal_ice_cave_entry_ugly_swarm
Snake:3:  layout_cave_town
Orc:1:    layout_caves, special_room [special_room_orc], serial_shops, shop
Orc:2:    st_orc_town, layout_caves, serial_shops, nicolae_shop_behind_doors
Elf:1:    layout_geoelf_octagon, serial_shops, nicolae_shop_drivethru,
          minivault_28, kilobyte_rumbling_trees, uniq_norris, uniq_frances
Elf:2:    elven_hall_of_blades_hangedman_alternative
          [nicolae_blade_entry_antechamber], layout_gridlike
Elf:3:    grunt_elf_hall_spiral, layout_loops_corners

Skill      XL: |  1  2  3  4  5  6  7  8  9 10 11 12 13 14 15 16 17 18 |
---------------+-------------------------------------------------------+-----
Fighting       | 1 2 3 4 5 6 10 12 13 14 | 14.0
Short Blades   | 1 2 3 4 8 10 14 | 14.0
Shapeshifting  | 4 5 10 | 10.2
Spellcasting   | 2 7 8 11 | 11.1
Air Magic      | 2 4 |  4.0
Dodging        | 4 7 8 11 12 14 15 18 | 18.0
Evocations     | 2 4 6 8 |  8.0
Stealth        | 6 7 11 12 | 12.0
Summonings     | 10 15 18 19 | 19.1
Shields        | 4 |  4.3
Unarmed Combat | |  2.9

Action                     |  1- 3 |  4- 6 |  7- 9 | 10-12 | 13-15 | 16-18 || total
---------------------------+-------+-------+-------+-------+-------+-------++-------
  Melee: Unarmed           |   114 |       |       |       |       |       ||   114
         Punch             |     3 |     1 |     9 |    19 |    72 |   114 ||   218
         Dagger            |     7 |    97 |   288 |   530 |    78 |       ||  1000
         Quick blade       |       |       |       |       |  1894 |  1812 ||  3706
         Rapier            |       |       |       |       |       |   160 ||   160
   Cast: Swiftness         |       |       |     4 |     2 |       |     3 ||     9
         Mephitic Cloud    |       |       |       |       |     7 |     1 ||     8
         Summon Cactus Gia |       |       |       |       |    15 |   232 ||   247
         Summon Lightning  |       |       |       |       |       |    25 ||    25
 Invoke: Call Merchant     |       |       |       |       |       |     5 ||     5
         Potion Petition   |       |       |       |       |       |     1 ||     1
  Evoke: Wand              |       |       |     5 |     5 |     7 |     4 ||    21
    Use: Scroll            |     5 |     2 |     6 |    10 |    13 |     4 ||    40
         Potion            |     2 |     1 |     2 |     2 |     2 |     5 ||    14
   Stab: Distracted        |       |       |     2 |     4 |    10 |    11 ||    27
         Sleeping          |       |       |       |       |     4 |    20 ||    24
         Confused          |       |       |       |       |       |     1 ||     1
 Armour: Animal skin       |     7 |       |       |       |       |       ||     7
         Ring mail         |    29 |    13 |    11 |       |       |       ||    53
         Skin              |     2 |       |       |       |       |       ||     2
         Leather armour    |       |       |     7 |    55 |    83 |    72 ||   217
  Dodge: Dodged            |    79 |    61 |   212 |   371 |   845 |   810 ||  2378

Table legend: (Time is in decaauts)
 A = Elapsed time spent in this place.
 B = Non-inter-level travel time spent in this place.
 C = Inter-level travel time spent in this place.
 D = Time resting spent in this place.
 E = Time spent auto-exploring this place.
 F = Levels seen in this place.
 G = Mean time per level.
                   A        B        C        D        E       F      G
               +--------+--------+--------+--------+--------+-----+--------+
         Total |  39365 |  37177 |   2188 |  10411 |  15162 |  32 | 1230.2 |
       Dungeon |  15686 |  14401 |   1285 |   2412 |   8341 |  15 | 1045.7 |
        Temple |      1 |      1 |      0 |      0 |      0 |   1 |    1.0 |
          Lair |   6351 |   5905 |    446 |    952 |   3167 |   5 | 1270.2 |
     Snake Pit |   3880 |   3772 |    108 |   1606 |    891 |   3 | 1293.3 |
  Orcish Mines |   3534 |   3335 |    199 |   1708 |   1058 |   2 | 1767.0 |
   Elven Halls |   6993 |   6844 |    149 |   2631 |   1528 |   3 | 2331.0 |
        Bailey |   1009 |   1009 |      0 |    295 |     85 |   1 | 1009.0 |
      Ice Cave |   1506 |   1506 |      0 |    650 |     42 |   1 | 1506.0 |
       Volcano |    401 |    401 |      0 |    156 |     50 |   1 |  401.0 |
               +--------+--------+--------+--------+--------+-----+--------+

Top non-repeatable levels by time:
   Elf:3: 3339 daAuts
   Orc:2: 3035 daAuts
   Elf:1: 1962 daAuts
 Snake:1: 1959 daAuts
 Snake:2: 1821 daAuts
    D:10: 1739 daAuts
    D:12: 1727 daAuts
   Elf:2: 1690 daAuts
    D:11: 1649 daAuts
  Lair:5: 1638 daAuts
   IceCv: 1506 daAuts
  Lair:3: 1409 daAuts
  Lair:2: 1296 daAuts
     D:9: 1218 daAuts
    D:15: 1186 daAuts
